TOP OF THE 1ST |
Redwood City Redwoods batting - Pitching for Las Vegas Stars : LHP Jon Vaughn
|
Pitching: LHP Jon Vaughn
|
|
Batting: LHB Tim Ramsey
|
0-0: Called Strike 0-1: Ball 1-1: Ball 2-1: SINGLE (Groundball, 34D)
|
Batting: RHB Javier Ortíz
|
0-0: Ball 1-0: Called Strike 1-1: Ball 2-1: Foul Ball, location: 2F 2-2: Foul Ball, location: 2F 2-2: Hit by Pitch Tim Ramsey to second
|
Batting: RHB Juan Reyes
|
0-0: 3-RUN HOME RUN (Flyball, 9LD), Distance : 398 ft
|
Batting: RHB Joe Noble
|
0-0: Swinging Strike 0-1: SINGLE (Groundball, 34D)
|
Batting: RHB Jason Blair
|
0-0: Foul Ball, location: 2F 0-1: Foul Ball, location: 2F 0-2: SINGLE (Groundball, 6MD) Joe Noble to second
|
Batting: RHB Gerald Miller
|
0-0: Swinging Strike 0-1: Swinging Strike 0-2: Ball 1-2: Foul Ball, location: 2F 1-2: Foul Ball, location: 2F 1-2: Strikes out swinging
|
Batting: LHB Bob Campbell
|
0-0: Called Strike 0-1: SINGLE (Groundball, 4MD) Joe Noble to third Jason Blair to second
|
Batting: RHB Jesús Cuevas
|
0-0: Ball 1-0: DOUBLE (Line Drive, 8LD) Joe Noble scores Jason Blair scores Bob Campbell to third Runner from 3rd tries for Home, SAFE, no throw
|
Batting: RHB Ben Byrd
|
0-0: Ball 1-0: 2-RUN HOME RUN (Line Drive, 9LD), Distance : 399 ft
|
Batting: LHB Tim Ramsey
|
0-0: Swinging Strike 0-1: DOUBLE (Line Drive, 9D)
|
Batting: RHB Javier Ortíz
|
0-0: Ball 1-0: Foul Ball, location: 2F 1-1: Foul Ball, location: 2F 1-2: Strikes out swinging
|
Batting: RHB Juan Reyes
|
0-0: Ball 1-0: Foul Ball, location: 2F 1-1: Ball 2-1: Swinging Strike 2-2: Foul Ball, location: 2F 2-2: Ball 3-2: Foul Ball, location: 2F 3-2: Strikes out looking
|
Top of the 1st over - 8 runs, 8 hits, 0 errors, 1 left on base; Redwood City 8 - Las Vegas 0 |
BOTTOM OF THE 1ST |
Las Vegas Stars batting - Pitching for Redwood City Redwoods : LHP Sam McMillan
|
Pitching: LHP Sam McMillan
|
|
Batting: RHB José García
|
0-0: Called Strike 0-1: Ground out 4-3 (Groundball, 4MD)
|
Batting: RHB Tomás Díaz
|
0-0: Called Strike 0-1: Ground out 6-3 (Groundball, 6)
|
Batting: RHB Gilberto Silva
|
0-0: Ball 1-0: Called Strike 1-1: Ball 2-1: Foul Ball, location: 2F 2-2: SINGLE (Flyball, 8RS)
|
Batting: RHB Paco Castillo
|
0-0: Called Strike 0-1: Ball 1-1: Ball 2-1: Ball 3-1: Foul Ball, location: 2F 3-2: Ground out 4-3 (Groundball, 4)
|
Bottom of the 1st over - 0 runs, 1 hit, 0 errors, 1 left on base; Redwood City 8 - Las Vegas 0 |
TOP OF THE 2ND |
Redwood City Redwoods batting - Pitching for Las Vegas Stars : LHP Jon Vaughn
|
Batting: RHB Joe Noble
|
0-0: Ground out U3 (Groundball, 34)
|
Batting: RHB Jason Blair
|
0-0: Foul Ball, location: 2F 0-1: Ball 1-1: Swinging Strike 1-2: Ball 2-2: Strikes out swinging
|
Batting: RHB Gerald Miller
|
0-0: Called Strike 0-1: Ground out 5-3 (Groundball, 56)
|
Top of the 2nd over - 0 runs, 0 hits, 0 errors, 0 left on base; Redwood City 8 - Las Vegas 0 |
BOTTOM OF THE 2ND |
Las Vegas Stars batting - Pitching for Redwood City Redwoods : LHP Sam McMillan
|
Batting: RHB Alonso Holguín
|
0-0: Ball 1-0: Ball 2-0: Foul Ball, location: 2F 2-1: Ball 3-1: Base on Balls
|
Batting: RHB Barney Lawson
|
0-0: Ball 1-0: Ground out 5-3 (Groundball, 56S) Alonso Holguín to second
|
Batting: LHB Alberto Varela
|
0-0: Ball 1-0: Ball 2-0: Foul Ball, location: 2F 2-1: Ball 3-1: Base on Balls
|
Batting: RHB Ricardo Guzmán
|
0-0: Fly out, F8 (Flyball, 8LD)
|
Batting: RHB Gabriel Miranda
|
0-0: Ball 1-0: Ball 2-0: Fly out, F5 (Line Drive, 5)
|
Bottom of the 2nd over - 0 runs, 0 hits, 0 errors, 2 left on base; Redwood City 8 - Las Vegas 0 |
TOP OF THE 3RD |
Redwood City Redwoods batting - Pitching for Las Vegas Stars : LHP Jon Vaughn
|
Batting: LHB Bob Campbell
|
0-0: Ground out U3 (Groundball, 3L)
|
Batting: RHB Jesús Cuevas
|
0-0: Ball 1-0: Called Strike 1-1: Ground out 4-3 (Groundball, 4)
|
Batting: RHB Ben Byrd
|
0-0: Swinging Strike 0-1: Ground out 6-3 (Groundball, 6)
|
Top of the 3rd over - 0 runs, 0 hits, 0 errors, 0 left on base; Redwood City 8 - Las Vegas 0 |
BOTTOM OF THE 3RD |
Las Vegas Stars batting - Pitching for Redwood City Redwoods : LHP Sam McMillan
|
Batting: RHB José García
|
0-0: Ball 1-0: SINGLE (Groundball, 3D)
|
Batting: RHB Tomás Díaz
|
0-0: Ball 1-0: Foul Ball, location: 2F 1-1: Ball 2-1: Ball 3-1: Base on Balls José García to second
|
Batting: RHB Gilberto Silva
|
0-0: Foul Ball, location: 2F 0-1: Ball 1-1: Foul Ball, location: 2F 1-2: Ball 2-2: Ball 3-2: Fly out, F7 (Flyball, 7D)
|
Batting: RHB Paco Castillo
|
0-0: Ball José García steals 3rd base Tomás Díaz to second 1-0: Called Strike 1-1: Ground out 5-3 (Groundball, 56) José García scores
|
Batting: RHB Alonso Holguín
|
0-0: Ball 1-0: Ball 2-0: Ball 3-0: Base on Balls
|
Batting: RHB Barney Lawson
|
0-0: Called Strike 0-1: Ball 1-1: Ground out 5-3 (Groundball, 56)
|
Bottom of the 3rd over - 1 run, 1 hit, 0 errors, 2 left on base; Redwood City 8 - Las Vegas 1 |
TOP OF THE 4TH |
Redwood City Redwoods batting - Pitching for Las Vegas Stars : LHP Jon Vaughn
|
Batting: LHB Tim Ramsey
|
0-0: Ball 1-0: Ball 2-0: Called Strike 2-1: Ball 3-1: Ground out 4-3 (Groundball, 4S)
|
Batting: RHB Javier Ortíz
|
0-0: Ball 1-0: Called Strike 1-1: Called Strike 1-2: Ground out 6-3 (Groundball, 6)
|
Batting: RHB Juan Reyes
|
0-0: Ball 1-0: Called Strike 1-1: Foul Ball, location: 2F 1-2: Foul Ball, location: 2F 1-2: Strikes out looking
|
Top of the 4th over - 0 runs, 0 hits, 0 errors, 0 left on base; Redwood City 8 - Las Vegas 1 |
BOTTOM OF THE 4TH |
Las Vegas Stars batting - Pitching for Redwood City Redwoods : LHP Sam McMillan
|
Batting: LHB Alberto Varela
|
0-0: Called Strike 0-1: Foul Ball, location: 2F 0-2: Ground out 6-3 (Groundball, 6)
|
Pitching: RHP José Gusmán
|
|
Batting: RHB Ricardo Guzmán
|
0-0: Called Strike 0-1: Swinging Strike 0-2: Strikes out swinging
|
Batting: RHB Gabriel Miranda
|
0-0: Called Strike 0-1: Swinging Strike 0-2: Ball 1-2: Ball 2-2: Ground out 5-3 (Groundball, 5)
|
Bottom of the 4th over - 0 runs, 0 hits, 0 errors, 0 left on base; Redwood City 8 - Las Vegas 1 |
TOP OF THE 5TH |
Redwood City Redwoods batting - Pitching for Las Vegas Stars : LHP Jon Vaughn
|
Batting: RHB Joe Noble
|
0-0: Foul Ball, location: 2F 0-1: Ball 1-1: Ball 2-1: Ball 3-1: Swinging Strike 3-2: Ground out 6-3 (Groundball, 6)
|
Batting: RHB Jason Blair
|
0-0: Ball 1-0: Ball 2-0: Called Strike 2-1: SINGLE (Line Drive, 4D)
|
Batting: RHB Gerald Miller
|
0-0: Ball 1-0: SINGLE (Flyball, 8RS) Jason Blair to second
|
Batting: LHB Bob Campbell
|
0-0: Ball 1-0: Ball 2-0: Called Strike 2-1: Foul Ball, location: 2F 2-2: Foul Ball, location: 2F 2-2: SINGLE (Groundball, 5D) Jason Blair to third Gerald Miller to second Runner from 3rd tries for Home, SAFE, no throw
|
Batting: RHB Jesús Cuevas
|
0-0: Ball 1-0: Called Strike 1-1: Fly out, F6 (Flyball, 56D)
|
Batting: RHB Ben Byrd
|
0-0: Swinging Strike 0-1: Swinging Strike 0-2: Ball 1-2: Ground out 4-3 (Groundball, 4)
|
Top of the 5th over - 1 run, 3 hits, 0 errors, 2 left on base; Redwood City 9 - Las Vegas 1 |
BOTTOM OF THE 5TH |
Las Vegas Stars batting - Pitching for Redwood City Redwoods : RHP José Gusmán
|
Batting: RHB José García
|
0-0: Ground out 1-3 (Groundball, 13)
|
Batting: RHB Tomás Díaz
|
0-0: Ball 1-0: Ball 2-0: Ball 3-0: Called Strike 3-1: Base on Balls
|
Batting: RHB Gilberto Silva
|
0-0: SINGLE (Groundball, 6MD) Tomás Díaz to second
|
Batting: RHB Paco Castillo
|
0-0: Called Strike 0-1: Foul Ball, location: 2F 0-2: Ball 1-2: Foul Ball, location: 2F 1-2: Fielders Choice at 2nd, 4-6 (Groundball, 4) Tomás Díaz to third
|
Batting: RHB Alonso Holguín
|
0-0: Fly out, F9 (Flyball, 9D)
|
Bottom of the 5th over - 0 runs, 1 hit, 0 errors, 2 left on base; Redwood City 9 - Las Vegas 1 |
TOP OF THE 6TH |
Redwood City Redwoods batting - Pitching for Las Vegas Stars : LHP Jon Vaughn
|
Batting: LHB Tim Ramsey
|
0-0: Called Strike 0-1: SINGLE (Line Drive, 8RS)
|
Batting: RHB Javier Ortíz
|
0-0: Ball 1-0: Ball 2-0: Grounds into double play, 6-4-3 (Groundball, 6)
|
Batting: RHB Juan Reyes
|
0-0: DOUBLE (Line Drive, 89D)
|
Pitching: RHP Carl Willis
|
|
Batting: RHB Joe Noble
|
0-0: Called Strike 0-1: Swinging Strike 0-2: Foul Ball, location: 2F 0-2: Strikes out looking
|
Top of the 6th over - 0 runs, 2 hits, 0 errors, 1 left on base; Redwood City 9 - Las Vegas 1 |
BOTTOM OF THE 6TH |
Las Vegas Stars batting - Pitching for Redwood City Redwoods : RHP José Gusmán
|
Batting: RHB Barney Lawson
|
0-0: Ball 1-0: Foul Ball, location: 2F 1-1: Ball 2-1: Called Strike 2-2: Fly out, F4 (Popup, 23)
|
Batting: LHB Alberto Varela
|
0-0: Foul Ball, location: 2F 0-1: Ball 1-1: Ball 2-1: Foul Ball, location: 2F 2-2: Strikes out swinging
|
Batting: RHB Ricardo Guzmán
|
0-0: Ball 1-0: DOUBLE (Line Drive, 78XD)
|
Batting: RHB Gabriel Miranda
|
0-0: Foul Ball, location: 2F 0-1: Ground out 6-3 (Groundball, 6)
|
Bottom of the 6th over - 0 runs, 1 hit, 0 errors, 1 left on base; Redwood City 9 - Las Vegas 1 |
TOP OF THE 7TH |
Redwood City Redwoods batting - Pitching for Las Vegas Stars : RHP Carl Willis
|
Batting: RHB Jason Blair
|
0-0: Foul Ball, location: 2F 0-1: Fly out, F7 (Flyball, 7D)
|
Batting: RHB Gerald Miller
|
0-0: Called Strike 0-1: Foul Ball, location: 2F 0-2: Ball 1-2: Fly out, F7 (Flyball, 78S)
|
Batting: LHB Bob Campbell
|
0-0: Ball 1-0: Swinging Strike 1-1: DOUBLE (Line Drive, 9LM)
|
Batting: RHB Jesús Cuevas
|
0-0: Ground out 6-3 (Groundball, 6M)
|
Top of the 7th over - 0 runs, 1 hit, 0 errors, 1 left on base; Redwood City 9 - Las Vegas 1 |
BOTTOM OF THE 7TH |
Las Vegas Stars batting - Pitching for Redwood City Redwoods : RHP José Gusmán
|
Batting: RHB José García
|
0-0: Ball 1-0: Foul Ball, location: 2F 1-1: Ball 2-1: Called Strike 2-2: Ball 3-2: Base on Balls
|
Pitching: RHP Ramiro Piña
|
|
Batting: RHB Tomás Díaz
|
0-0: Called Strike Throwing error on steal attempt, E2 José García to third 0-1: Ball 1-1: Ball 2-1: Ball 3-1: Swinging Strike 3-2: Foul Ball, location: 2F 3-2: Base on Balls
|
Batting: RHB Gilberto Silva
|
0-0: Ball Tomás Díaz is caught stealing 2nd base 1-0: Foul Ball, location: 2F 1-1: Ground out 5-3 (Groundball, 56S) José García scores
|
Batting: RHB Paco Castillo
|
0-0: Called Strike 0-1: Ball 1-1: Fly out, F5 (Line Drive, 56)
|
Bottom of the 7th over - 1 run, 0 hits, 1 error, 0 left on base; Redwood City 9 - Las Vegas 2 |
TOP OF THE 8TH |
Redwood City Redwoods batting - Pitching for Las Vegas Stars : RHP Carl Willis
|
Batting: RHB Ben Byrd
|
0-0: Ball 1-0: Called Strike 1-1: Foul Ball, location: 2F 1-2: Strikes out swinging
|
Batting: LHB Tim Ramsey
|
0-0: Ball 1-0: Foul Ball, location: 2F 1-1: Fly out, F4 (Popup, 34S)
|
Batting: RHB Javier Ortíz
|
0-0: SINGLE (Groundball, 56S) (infield hit)
|
Batting: RHB Juan Reyes
|
0-0: Called Strike 0-1: Called Strike 0-2: Strikes out swinging
|
Top of the 8th over - 0 runs, 1 hit, 0 errors, 1 left on base; Redwood City 9 - Las Vegas 2 |
BOTTOM OF THE 8TH |
Las Vegas Stars batting - Pitching for Redwood City Redwoods : RHP Ramiro Piña
|
Batting: RHB Alonso Holguín
|
0-0: Ball 1-0: SINGLE (Groundball, 6MD) (infield hit)
|
Batting: RHB Barney Lawson
|
0-0: Called Strike 0-1: Ball 1-1: SINGLE (Groundball, 2R) (infield hit) Alonso Holguín to second
|
Batting: LHB Alberto Varela
|
0-0: Called Strike 0-1: Foul Ball, location: 2F 0-2: Strikes out looking
|
Batting: RHB Ricardo Guzmán
|
0-0: Ball 1-0: Ball 2-0: Called Strike 2-1: Ball 3-1: Base on Balls Alonso Holguín to third Barney Lawson to second
|
Batting: RHB Gabriel Miranda
|
0-0: Ball 1-0: Called Strike 1-1: Ball 2-1: Called Strike 2-2: Foul Ball, location: 2F 2-2: Grounds into double play, 4-6-3 (Groundball, 4M)
|
Bottom of the 8th over - 0 runs, 2 hits, 0 errors, 2 left on base; Redwood City 9 - Las Vegas 2 |
TOP OF THE 9TH |
Redwood City Redwoods batting - Pitching for Las Vegas Stars : RHP Carl Willis
|
Pitching: RHP Augusto Muñíz
|
|
Batting: RHB Joe Noble
|
0-0: Ground out U3 (Groundball, 34)
|
Batting: RHB Jason Blair
|
0-0: SINGLE (Line Drive, 4MD)
|
Batting: RHB Gerald Miller
|
0-0: Ball Wild Pitch! Jason Blair to second 1-0: Ball 2-0: Ball 3-0: Called Strike 3-1: SINGLE (Groundball, 6D) Jason Blair to third Runner from 3rd tries for Home, SAFE, no throw
|
Batting: LHB Bob Campbell
|
0-0: Ball 1-0: Called Strike 1-1: Ball 2-1: Swinging Strike 2-2: Foul Ball, location: 2F 2-2: SINGLE (Groundball, 4MD) Gerald Miller to second
|
Batting: RHB Jesús Cuevas
|
0-0: Called Strike 0-1: Called Strike 0-2: Ball 1-2: Strikes out swinging
|
Batting: RHB Ben Byrd
|
0-0: Ground out 6-3 (Groundball, 6S)
|
Top of the 9th over - 1 run, 3 hits, 0 errors, 2 left on base; Redwood City 10 - Las Vegas 2 |
BOTTOM OF THE 9TH |
Las Vegas Stars batting - Pitching for Redwood City Redwoods : RHP Ramiro Piña
|
Now at 1B: Currito Campos
|
|
Now at SS: David Strickland
|
|
Batting: RHB José García
|
0-0: Called Strike 0-1: Swinging Strike 0-2: Foul Ball, location: 2F 0-2: Foul Ball, location: 2F 0-2: Ball 1-2: Foul Ball, location: 2F 1-2: Ground out 5-3 (Groundball, 56)
|
Batting: RHB Tomás Díaz
|
0-0: Ball 1-0: Foul Ball, location: 2F 1-1: Swinging Strike 1-2: Ball 2-2: Ball 3-2: Base on Balls
|
Batting: RHB Gilberto Silva
|
0-0: Called Strike 0-1: Foul Ball, location: 2F 0-2: Ball Wild Pitch! Tomás Díaz to second 1-2: Ball 2-2: Foul Ball, location: 2F 2-2: DOUBLE (Flyball, 78XD) Tomás Díaz scores
|
Batting: RHB Paco Castillo
|
0-0: Ground out 4-3 (Groundball, 4) Gilberto Silva to third
|
Batting: RHB Alonso Holguín
|
0-0: Ball 1-0: Called Strike 1-1: Foul Ball, location: 2F 1-2: Ball 2-2: Ball 3-2: SINGLE (Line Drive, 56) Gilberto Silva scores
|
Batting: RHB Barney Lawson
|
0-0: Ball 1-0: Ball 2-0: Foul Ball, location: 2F 2-1: Foul Ball, location: 2F 2-2: Ball 3-2: Base on Balls Alonso Holguín to second
|
Batting: LHB Alberto Varela
|
0-0: Ball 1-0: Ball 2-0: Ball 3-0: Base on Balls Alonso Holguín to third Barney Lawson to second
|
Batting: RHB Ricardo Guzmán
|
0-0: Ball 1-0: Foul Ball, location: 2F 1-1: Ball 2-1: Called Strike 2-2: Foul Ball, location: 2F 2-2: Foul Ball, location: 2F 2-2: Foul Ball, location: 2F 2-2: Ball 3-2: Ground out 4-3 (Groundball, 4D)
|
Bottom of the 9th over - 2 runs, 2 hits, 0 errors, 3 left on base; Redwood City 10 - Las Vegas 4 |
|